| TOP OF THE 1ST |
|
Marion Mets batting - Pitching for Blacksburg Tribe : LHP Mike Jeffcoat
|
|
Pitching: LHP Mike Jeffcoat
|
|
|
Batting: RHB Thomas Wallace
|
0-0: Ball 1-0: Foul Ball, location: 2F 1-1: Foul Ball, location: 2F 1-2: SINGLE (Groundball, 25, EV 67.5 MPH) (infield hit)
|
|
Batting: LHB Ricky de la Cruz
|
0-0: Ball 1-0: Ball Passed Ball! Thomas Wallace to second 2-0: Ball 3-0: Base on Balls
|
|
Batting: RHB Rey Quinones
|
0-0: Called Strike 0-1: Ball 1-1: Swinging Strike 1-2: Foul Ball, location: 2F 1-2: Ball 2-2: Foul Ball, location: 2F 2-2: Foul Ball, location: 2F 2-2: Ball 3-2: Foul Ball, location: 2F 3-2: Base on Balls Thomas Wallace to third Ricky de la Cruz to second
|
|
Batting: LHB Christopher Chapman
|
0-0: Ball 1-0: Ball 2-0: Ball 3-0: Called Strike 3-1: Base on Balls Thomas Wallace scores Ricky de la Cruz to third Rey Quinones to second
|
|
Batting: RHB Andy Allanson
|
0-0: Ball 1-0: Foul Ball, location: 2F 1-1: Ball 2-1: Ball 3-1: Base on Balls Ricky de la Cruz scores Rey Quinones to third Christopher Chapman to second
|
|
Batting: RHB Wayne Harrison
|
0-0: Called Strike 0-1: Swinging Strike 0-2: Foul Ball, location: 2F 0-2: Ball 1-2: Fly out, F9 (Flyball, 9LS, EV 86.3 MPH)
|
|
Batting: LHB Lorenzo Castillo
|
0-0: Foul Ball, location: 2F 0-1: Ball 1-1: Foul Ball, location: 2F 1-2: Ball 2-2: Foul Ball, location: 2F 2-2: DOUBLE (Flyball, 8RXD, EV 96.9 MPH) Rey Quinones scores Christopher Chapman scores Andy Allanson to third
|
|
Batting: SHB Sherman Webb
|
0-0: SINGLE (Groundball, 6S, EV 65.6 MPH) (infield hit) Andy Allanson scores Lorenzo Castillo to third
|
|
Batting: LHB Jeff Schulz
|
0-0: Called Strike 0-1: Fielders Choice at 2nd, 1-6 (Groundball, 34S, EV 65.0 MPH)
|
|
Batting: RHB Thomas Wallace
|
0-0: Ball 1-0: SINGLE (Groundball, 56D, EV 101.3 MPH) Lorenzo Castillo scores Jeff Schulz to second
|
|
Pitching: LHP Steve Fincher
|
|
|
Batting: LHB Ricky de la Cruz
|
0-0: Foul Ball, location: 2F 0-1: Ball 1-1: Fly out, F8 (Flyball, 8LXD, EV 101.9 MPH)
|
| Top of the 1st over - 6 runs, 4 hits, 0 errors, 2 left on base; Marion 6 - Blacksburg 0 |
| BOTTOM OF THE 1ST |
|
Blacksburg Tribe batting - Pitching for Marion Mets : RHP Sergio Hernandez
|
|
Pitching: RHP Sergio Hernandez
|
|
|
Now at 2B: Miguel Corona
|
|
|
Batting: RHB Jesus Alcala
|
0-0: Ball 1-0: Swinging Strike 1-1: Swinging Strike 1-2: Strikes out swinging
|
|
Batting: LHB Butch Kirby
|
0-0: Foul Ball, location: 2F 0-1: Foul Ball, location: 2F 0-2: Strikes out swinging
|
|
Batting: LHB George Cecchetti
|
0-0: Ball 1-0: Ball 2-0: Ball 3-0: Called Strike 3-1: Called Strike 3-2: SINGLE (Groundball, 34D, EV 100.6 MPH)
|
|
Batting: RHB Alwin Creel
|
0-0: Called Strike 0-1: Ball George Cecchetti is caught stealing 2nd base 2-4
|
| Bottom of the 1st over - 0 runs, 1 hit, 0 errors, 0 left on base; Marion 6 - Blacksburg 0 |
| TOP OF THE 2ND |
|
Marion Mets batting - Pitching for Blacksburg Tribe : LHP Steve Fincher
|
|
Batting: RHB Rey Quinones
|
0-0: Called Strike 0-1: Fly out, F9 (Flyball, 9, EV 96.9 MPH)
|
|
Batting: LHB Christopher Chapman
|
0-0: Called Strike 0-1: Called Strike 0-2: Ball 1-2: Foul Ball, location: 2F 1-2: Ball 2-2: Ball 3-2: Strikes out swinging
|
|
Batting: RHB Andy Allanson
|
0-0: Fly out, F4 (Popup, 34, EV 60.6 MPH)
|
| Top of the 2nd over - 0 runs, 0 hits, 0 errors, 0 left on base; Marion 6 - Blacksburg 0 |
| BOTTOM OF THE 2ND |
|
Blacksburg Tribe batting - Pitching for Marion Mets : RHP Sergio Hernandez
|
|
Batting: RHB Alwin Creel
|
0-0: Swinging Strike 0-1: Foul Ball, location: 2F 0-2: Ball 1-2: Ball 2-2: Strikes out swinging
|
|
Batting: RHB Omar Mora
|
0-0: Ball 1-0: Foul Ball, location: 2F 1-1: Ball 2-1: Fly out, F7 (Flyball, 7S, EV 80.0 MPH)
|
|
Batting: LHB Jose Infante
|
0-0: Called Strike 0-1: Ball 1-1: Foul Ball, location: 2F 1-2: Ball 2-2: Fly out, F9 (Line Drive, 9, EV 99.4 MPH)
|
| Bottom of the 2nd over - 0 runs, 0 hits, 0 errors, 0 left on base; Marion 6 - Blacksburg 0 |
| TOP OF THE 3RD |
|
Marion Mets batting - Pitching for Blacksburg Tribe : LHP Steve Fincher
|
|
Batting: RHB Wayne Harrison
|
0-0: Ball 1-0: Foul Ball, location: 2F 1-1: Ball 2-1: Foul Ball, location: 2F 2-2: Strikes out swinging
|
|
Batting: LHB Lorenzo Castillo
|
0-0: Swinging Strike 0-1: Foul Ball, location: 2F 0-2: Strikes out swinging
|
|
Batting: RHB Miguel Corona
|
0-0: Called Strike 0-1: Foul Ball, location: 2F 0-2: Ground out 6-3 (Groundball, 6M, EV 85.0 MPH)
|
| Top of the 3rd over - 0 runs, 0 hits, 0 errors, 0 left on base; Marion 6 - Blacksburg 0 |
| BOTTOM OF THE 3RD |
|
Blacksburg Tribe batting - Pitching for Marion Mets : RHP Sergio Hernandez
|
|
Batting: SHB Gary Miller-Jones
|
0-0: Ball 1-0: Foul Ball, location: 2F 1-1: Ground out U3 (Groundball, 3, EV 103.1 MPH)
|
|
Batting: RHB Michael Lanum
|
0-0: Ball 1-0: Ball 2-0: Ball 3-0: Called Strike 3-1: Fly out, F7 (Flyball, 7D, EV 100.6 MPH)
|
|
Batting: RHB Angel Rodriguez
|
0-0: Ball 1-0: Foul Ball, location: 2F 1-1: Ground out 6-3 (Groundball, 56, EV 99.4 MPH)
|
| Bottom of the 3rd over - 0 runs, 0 hits, 0 errors, 0 left on base; Marion 6 - Blacksburg 0 |
| TOP OF THE 4TH |
|
Marion Mets batting - Pitching for Blacksburg Tribe : LHP Steve Fincher
|
|
Batting: LHB Jeff Schulz
|
0-0: Ball 1-0: Called Strike 1-1: Foul Ball, location: 2F 1-2: SOLO HOME RUN (Flyball, 9D, EV 91.3 MPH), Distance : 391 ft
|
|
Batting: RHB Thomas Wallace
|
0-0: Called Strike 0-1: DOUBLE (Flyball, 8LXD, EV 105.0 MPH)
|
|
Batting: LHB Ricky de la Cruz
|
0-0: Ground out 4-3 (Groundball, 4, EV 83.8 MPH) Thomas Wallace to third
|
|
Batting: RHB Rey Quinones
|
0-0: Ball 1-0: Ball 2-0: Called Strike 2-1: Called Strike 2-2: Foul Ball, location: 2F 2-2: Fly out, F7 (Flyball, 7LS, EV 86.3 MPH)
|
|
Batting: LHB Christopher Chapman
|
0-0: Ball 1-0: Swinging Strike 1-1: Ball 2-1: Foul Ball, location: 2F 2-2: Foul Ball, location: 2F 2-2: Ground out U3 (Groundball, 3L, EV 87.5 MPH)
|
| Top of the 4th over - 1 run, 2 hits, 0 errors, 1 left on base; Marion 7 - Blacksburg 0 |
| BOTTOM OF THE 4TH |
|
Blacksburg Tribe batting - Pitching for Marion Mets : RHP Sergio Hernandez
|
|
Batting: RHB Jesus Alcala
|
0-0: Foul Ball, location: 2F 0-1: Ball 1-1: Fly out, F9 (Flyball, 89D, EV 103.1 MPH)
|
|
Batting: LHB Butch Kirby
|
0-0: Ball 1-0: Ball 2-0: Ball 3-0: Called Strike 3-1: Called Strike 3-2: Foul Ball, location: 2F 3-2: Base on Balls
|
|
Batting: LHB George Cecchetti
|
0-0: Ball 1-0: Ball 2-0: Grounds into double play, 5-4-3 (Groundball, 56S, EV 79.4 MPH)
|
| Bottom of the 4th over - 0 runs, 0 hits, 0 errors, 0 left on base; Marion 7 - Blacksburg 0 |
| TOP OF THE 5TH |
|
Marion Mets batting - Pitching for Blacksburg Tribe : LHP Steve Fincher
|
|
Batting: RHB Andy Allanson
|
0-0: Ball 1-0: Ball 2-0: Ball 3-0: Base on Balls
|
|
Batting: RHB Wayne Harrison
|
0-0: Ball 1-0: DOUBLE (Flyball, 89XD, EV 106.9 MPH) Andy Allanson to third
|
|
Batting: LHB Lorenzo Castillo
|
0-0: Called Strike 0-1: Ground out 4-3 (Groundball, 4, EV 92.5 MPH) Andy Allanson scores Wayne Harrison to third
|
|
Batting: RHB Miguel Corona
|
0-0: Foul Ball, location: 2F 0-1: Fly out, F8 (Flyball, 8RS, EV 91.3 MPH)
|
|
Batting: LHB Jeff Schulz
|
0-0: Ball 1-0: Ball 2-0: Ground out 6-3 (Groundball, 6, EV 100.6 MPH)
|
| Top of the 5th over - 1 run, 1 hit, 0 errors, 1 left on base; Marion 8 - Blacksburg 0 |
| BOTTOM OF THE 5TH |
|
Blacksburg Tribe batting - Pitching for Marion Mets : RHP Sergio Hernandez
|
|
Batting: RHB Alwin Creel
|
0-0: Called Strike 0-1: Ball 1-1: Foul Ball, location: 2F 1-2: Strikes out swinging
|
|
Batting: RHB Omar Mora
|
0-0: Ball 1-0: Swinging Strike 1-1: Ground out 6-3 (Groundball, 6, EV 103.8 MPH)
|
|
Batting: LHB Jose Infante
|
0-0: Foul Ball, location: 2F 0-1: Fly out, F9 (Flyball, 9S, EV 88.1 MPH)
|
| Bottom of the 5th over - 0 runs, 0 hits, 0 errors, 0 left on base; Marion 8 - Blacksburg 0 |
| TOP OF THE 6TH |
|
Marion Mets batting - Pitching for Blacksburg Tribe : LHP Steve Fincher
|
|
Batting: RHB Thomas Wallace
|
0-0: Ball 1-0: Swinging Strike 1-1: Ball 2-1: Ball 3-1: Base on Balls
|
|
Batting: LHB Ricky de la Cruz
|
0-0: Called Strike 0-1: Fielders Choice at 2nd, 6-4 (Groundball, 6S, EV 88.8 MPH)
|
|
Batting: RHB Rey Quinones
|
0-0: Called Strike 0-1: Ball 1-1: Foul Ball, location: 2F 1-2: Strikes out swinging
|
|
Batting: LHB Christopher Chapman
|
0-0: Foul Ball, location: 2F 0-1: Called Strike 0-2: Ball 1-2: Ball 2-2: Foul Ball, location: 2F 2-2: Foul Ball, location: 2F 2-2: Ball 3-2: Foul Ball, location: 2F 3-2: SINGLE (Line Drive, 7S, EV 106.3 MPH) Ricky de la Cruz to second Ricky de la Cruz to third
|
|
Batting: RHB Andy Allanson
|
0-0: Ball 1-0: Ball 2-0: Called Strike 2-1: Ball 3-1: Base on Balls Christopher Chapman to second
|
|
Batting: RHB Wayne Harrison
|
0-0: Ball 1-0: Called Strike 1-1: Ball 2-1: Ball 3-1: Swinging Strike 3-2: Base on Balls Ricky de la Cruz scores Christopher Chapman to third Andy Allanson to second
|
|
Batting: LHB Lorenzo Castillo
|
0-0: Ball 1-0: Fly out, F1 (Line Drive, P, EV 73.8 MPH)
|
| Top of the 6th over - 1 run, 1 hit, 0 errors, 3 left on base; Marion 9 - Blacksburg 0 |
| BOTTOM OF THE 6TH |
|
Blacksburg Tribe batting - Pitching for Marion Mets : RHP Sergio Hernandez
|
|
Batting: SHB Gary Miller-Jones
|
0-0: Fly out, F8 (Flyball, 8LD, EV 108.1 MPH)
|
|
Batting: RHB Michael Lanum
|
0-0: SINGLE (Groundball, 34D, EV 100.0 MPH)
|
|
Batting: RHB Angel Rodriguez
|
0-0: Ball 1-0: Ball 2-0: Fielders Choice at 2nd, 5-4 (Groundball, 56S, EV 90.0 MPH)
|
|
Batting: RHB Jesus Alcala
|
0-0: Called Strike 0-1: Foul Ball, location: 2F 0-2: Foul Ball, location: 2F 0-2: Fielders Choice at 2nd, 6-4 (Groundball, 6, EV 83.1 MPH)
|
| Bottom of the 6th over - 0 runs, 1 hit, 0 errors, 1 left on base; Marion 9 - Blacksburg 0 |
| TOP OF THE 7TH |
|
Marion Mets batting - Pitching for Blacksburg Tribe : LHP Steve Fincher
|
|
Pitching: RHP Jesse Vasquez
|
|
|
Batting: RHB Miguel Corona
|
0-0: Called Strike 0-1: DOUBLE (Flyball, 8RXD, EV 93.1 MPH) - OUT at third base trying to stretch hit.
|
|
Batting: LHB Jeff Schulz
|
0-0: DOUBLE (Groundball, 3L, EV 98.8 MPH)
|
|
Batting: RHB Thomas Wallace
|
0-0: Ball 1-0: Swinging Strike 1-1: Ball 2-1: Foul Ball, location: 2F 2-2: Ball 3-2: Foul Ball, location: 2F 3-2: Foul Ball, location: 2F 3-2: Foul Ball, location: 2F 3-2: Base on Balls
|
|
Batting: LHB Ricky de la Cruz
|
0-0: Ball 1-0: Ball 2-0: Foul Ball, location: 2F 2-1: Called Strike 2-2: Foul Ball, location: 2F 2-2: SINGLE (Line Drive, 78S, EV 96.3 MPH) Jeff Schulz to third Thomas Wallace to second Runner from 3rd tries for Home, SAFE, throw by LF to home
|
|
Batting: RHB Rey Quinones
|
0-0: SINGLE (Line Drive, 89S, EV 95.0 MPH) Thomas Wallace to third Ricky de la Cruz to second Runner from 3rd tries for Home, SAFE, throw by RF to home
|
|
Batting: LHB Christopher Chapman
|
0-0: Called Strike 0-1: 3-RUN HOME RUN (Flyball, 7LD, EV 91.3 MPH), Distance : 343 ft
|
|
Pitching: RHP David Mitchell
|
|
|
Batting: RHB Andy Allanson
|
0-0: Foul Ball, location: 2F 0-1: Called Strike 0-2: Ball 1-2: Strikes out swinging
|
|
Batting: RHB Wayne Harrison
|
0-0: Swinging Strike 0-1: Ball 1-1: SOLO HOME RUN (Flyball, 7LD, EV 101.9 MPH), Distance : 361 ft
|
|
Batting: LHB Lorenzo Castillo
|
0-0: Ball 1-0: Ball 2-0: Ball 3-0: Called Strike 3-1: Base on Balls
|
|
Batting: RHB Miguel Corona
|
0-0: Ball 1-0: Swinging Strike 1-1: Foul Ball, location: 2F 1-2: Strikes out looking
|
| Top of the 7th over - 6 runs, 6 hits, 0 errors, 1 left on base; Marion 15 - Blacksburg 0 |
| BOTTOM OF THE 7TH |
|
Blacksburg Tribe batting - Pitching for Marion Mets : RHP Sergio Hernandez
|
|
Batting: LHB Butch Kirby
|
0-0: Ball 1-0: Ball 2-0: Ball 3-0: Base on Balls
|
|
Batting: LHB George Cecchetti
|
0-0: Ball Butch Kirby is caught stealing 2nd base 2-6 1-0: Fly out, F6 (Popup, 6, EV 68.8 MPH)
|
|
Batting: RHB Alwin Creel
|
0-0: Ball 1-0: Foul Ball, location: 2F 1-1: Fly out, F7 (Flyball, 7, EV 78.8 MPH)
|
| Bottom of the 7th over - 0 runs, 0 hits, 0 errors, 0 left on base; Marion 15 - Blacksburg 0 |
| TOP OF THE 8TH |
|
Marion Mets batting - Pitching for Blacksburg Tribe : RHP David Mitchell
|
|
Batting: LHB Jeff Schulz
|
0-0: Called Strike 0-1: Called Strike 0-2: Ball 1-2: Ground out 6-3 (Groundball, 6M, EV 98.8 MPH)
|
|
Batting: RHB Thomas Wallace
|
0-0: Called Strike 0-1: Ball 1-1: Called Strike 1-2: Ball 2-2: Foul Ball, location: 2F 2-2: Foul Ball, location: 2F 2-2: Ball 3-2: Base on Balls
|
|
Batting: LHB Ricky de la Cruz
|
0-0: DOUBLE (Line Drive, 78D, EV 101.3 MPH) Thomas Wallace to third Runner from 3rd tries for Home, SAFE, no throw by LF
|
|
Batting: RHB Rey Quinones
|
0-0: Called Strike 0-1: Ball 1-1: Ground out 6-3 (Groundball, 56, EV 106.3 MPH)
|
|
Batting: LHB Christopher Chapman
|
0-0: Ball 1-0: Called Strike 1-1: Ball 2-1: Foul Ball, location: 2F 2-2: Foul Ball, location: 2F 2-2: Foul Ball, location: 2F 2-2: Ball Wild Pitch! Ricky de la Cruz to third 3-2: Base on Balls
|
|
Batting: RHB Andy Allanson
|
0-0: Ball 1-0: Called Strike 1-1: Foul Ball, location: 2F 1-2: Fly out, F7 (Flyball, 78S, EV 82.5 MPH)
|
| Top of the 8th over - 1 run, 1 hit, 0 errors, 2 left on base; Marion 16 - Blacksburg 0 |
| BOTTOM OF THE 8TH |
|
Blacksburg Tribe batting - Pitching for Marion Mets : RHP Sergio Hernandez
|
|
Batting: RHB Omar Mora
|
0-0: Foul Ball, location: 2F
|
|
|
|
|
|
0-1: Swinging Strike 0-2: SINGLE (Groundball, 56, EV 104.4 MPH) (infield hit)
|
|
Batting: LHB Jose Infante
|
0-0: Foul Ball, location: 2F 0-1: Ball 1-1: Called Strike 1-2: Foul Ball, location: 2F 1-2: Ball 2-2: Foul Ball, location: 2F 2-2: SINGLE (Line Drive, 78M, EV 90.6 MPH) Omar Mora to second
|
|
Batting: SHB Gary Miller-Jones
|
0-0: Ball 1-0: Fielders Choice at 2nd, 4-6 (Groundball, 4S, EV 85.0 MPH) Omar Mora to third
|
|
Batting: RHB Michael Lanum
|
0-0: Foul Ball, location: 2F 0-1: Foul Ball, location: 2F 0-2: Ground out 6-3 (Groundball, 6S, EV 70.6 MPH) Omar Mora scores Gary Miller-Jones to second
|
|
Batting: RHB Angel Rodriguez
|
0-0: Ball 1-0: SINGLE (Flyball, 8LS, EV 99.4 MPH) Gary Miller-Jones to third Runner from 3rd tries for Home, SAFE, throw by CF to home
|
|
Batting: RHB Jesus Alcala
|
0-0: Ball 1-0: Ball 2-0: Called Strike 2-1: Ball 3-1: Foul Ball, location: 2F 3-2: Ground out 4-3 (Groundball, 34, EV 107.5 MPH)
|
| Bottom of the 8th over - 2 runs, 3 hits, 0 errors, 1 left on base; Marion 16 - Blacksburg 2 |
| TOP OF THE 9TH |
|
Marion Mets batting - Pitching for Blacksburg Tribe : RHP David Mitchell
|
|
Batting: RHB Wayne Harrison
|
0-0: Ball 1-0: Ball 2-0: Ball 3-0: Base on Balls
|
|
Batting: LHB Lorenzo Castillo
|
0-0: Swinging Strike 0-1: Fielders Choice at 2nd, 5-4 (Groundball, 5L, EV 87.5 MPH)
|
|
Batting: RHB Miguel Corona
|
0-0: Called Strike 0-1: Foul Ball, location: 2F 0-2: Fly out, F9 (Flyball, 9D, EV 96.3 MPH)
|
|
Batting: LHB Jeff Schulz
|
0-0: Foul Ball, location: 2F 0-1: SINGLE (Line Drive, 34D, EV 99.4 MPH) Lorenzo Castillo to second
|
|
Batting: RHB Thomas Wallace
|
0-0: Ball 1-0: DOUBLE (Line Drive, 7LD, EV 103.8 MPH) Lorenzo Castillo scores Jeff Schulz to third Runner from 3rd tries for Home, SAFE, no throw by LF
|
|
Batting: LHB Ricky de la Cruz
|
0-0: Called Strike 0-1: Foul Ball, location: 2F 0-2: Ball 1-2: Strikes out looking
|
| Top of the 9th over - 2 runs, 2 hits, 0 errors, 1 left on base; Marion 18 - Blacksburg 2 |
| BOTTOM OF THE 9TH |
|
Blacksburg Tribe batting - Pitching for Marion Mets : RHP Sergio Hernandez
|
|
Batting: LHB Butch Kirby
|
0-0: Called Strike 0-1: Foul Ball, location: 2F 0-2: Ground out 1-3 (Groundball, 13S, EV 73.8 MPH)
|
|
Batting: LHB George Cecchetti
|
0-0: Ball 1-0: DOUBLE (Groundball, 3L, EV 101.9 MPH)
|
|
Batting: RHB Alwin Creel
|
0-0: Called Strike 0-1: Ball 1-1: Ground out 6-3 (Groundball, 6, EV 103.1 MPH)
|
|
Batting: RHB Omar Mora
|
0-0: Ball 1-0: Fly out, F9 (Flyball, 89M, EV 92.5 MPH)
|
| Bottom of the 9th over - 0 runs, 1 hit, 0 errors, 1 left on base; Marion 18 - Blacksburg 2 |
 |
|
Wednesday, August 19th, 2020 - OOTP Baseball 21.5 Build 76
|
|